 Dungeon Crawl Stone Soup version 0.30-a0-169-g06f667207d (webtiles) character file.

Game seed: 17140801605972183558

15306 qw the Cleaver (level 12, 0/77 HPs)
             Began as a Gargoyle Fighter on Sept 29, 2022.
             Was a High Priest of Okawaru.
             Killed by divine providence
             ... invoked by a balrug
              (14 damage)
             ... on level 2 of the Abyss.
             The game lasted 00:03:58 (7427 turns).

qw the Cleaver (Gargoyle Fighter)                   Turns: 7427, Time: 00:03:58

Health: 0/77       AC: 26    Str: 30    XL:     12   Next: 25%
Magic:  18/19      EV: 12    Int:  8    God:    Okawaru [*****.]
Gold:   328        SH: 11    Dex:  6    Spells: 11/11 levels left

rFire   + + .      SeeInvis .    Y - +4 war axe (drain)
rCold   + . .      Faith    .    c - +0 buckler
rNeg    + . .      Spirit   .    i - +5 ring mail of the Apothecary {rF+++ Regen+ Int-2 Dex-3}
rPois   inf        Reflect  +    (helmet restricted)
rElec   +          Harm     .    q - +1 cloak
rCorr   .          Rampage  .    m - +2 pair of gloves
Will    +....                    (no boots)
Stlth   ++........               f - amulet of reflection
HPRegen 1.02/turn                b - +6 ring of strength
MPRegen 0.16/turn                s - ring of ice

@: heroic
A: sickness immunity, AC +8, negative energy resistance 1, electricity
resistance, torment resistance 1, petrification resistance, horns 1,
strong-willed 1, subdued magic 1
a: Renounce Religion, Heroism, Finesse, Duel


You were on level 2 of the Abyss.
You worshipped Okawaru.
Okawaru was extremely pleased with you.
You visited 1 branch of the dungeon, and saw 10 of its levels.
You visited the Abyss 1 time.

You collected 594 gold pieces.
You spent 266 gold pieces at shops.


Innate Abilities, Weirdness & Mutations

You are immune to sickness and miasma.
Your stone body is resilient. (AC +8)
You are immune to poison.
You resist negative energy. (rN+)
You are resistant to electric shocks. (rElec)
You are resistant to unholy torment.
You are immune to petrification.
You have a pair of small horns on your head.
You are strong-willed. (Will+)
Your spells are a little easier to cast, but a little less powerful.


   Skills:
 - Level 10.0(15.0) Fighting
 + Level 12.8(17.8) Axes
 - Level 4.4(9.4) Armour
 - Level 2.0(7.0) Dodging
 - Level 6.0(11.0) Shields
 - Level 10.1 Invocations


You had 11 spell levels left.
You didn't know any spells.
Your spell library was empty.

Inventory:

Hand Weapons
 g - the +7 hand axe of the Pit {flame, rPois Int+2}
   (You found it on level 6 of the Dungeon)

   It burns those it strikes, dealing additional fire damage.
   Big, fiery blades are also staple armaments of hydra-hunters.
   Int:       It affects your intelligence (+2).
   rPois:     It protects you from poison.
 Y - a +4 war axe of draining (weapon)
Armour
 c - a +0 buckler (worn)
 h - a +0 plate armour
 i - the +5 ring mail of the Apothecary (worn) {rF+++ Regen+ Int-2 Dex-3}
   (You found it on level 2 of the Dungeon)

   Int:       It affects your intelligence (-2).
   Dex:       It affects your dexterity (-3).
   rF:        It renders you almost immune to fire.
   Regen:     It increases your rate of health regeneration.
 j - a scarf of shadows
 m - a +2 pair of gloves (worn)
 q - a +1 cloak (worn)
Jewellery
 b - a +6 ring of strength (left hand)
 f - an amulet of reflection (around neck)
 n - a ring of fire
 s - a ring of ice (right hand)
Scrolls
 a - 3 scrolls of identify
Potions
 d - 2 potions of might
 e - 2 potions of lignification
 k - a potion of mutation
 l - 3 potions of attraction
 o - a potion of haste
 p - a potion of curing

Dungeon Overview and Level Annotations

Branches:
Dungeon (10/15)            Temple (0/1) D:5
   Lair: D:8-11         Orc: D:9-12

Altars:
Dithmenos
Hepliaklqana
Kikubaaqudgha
Makhleb
Okawaru
Qazlal
Sif Muna
Vehumet
Wu Jian

Shops:
D:9 *

Annotations:
D:3 3 runed translucent doors, qw's ghost, amateur GrFi
D:4 1 runed translucent door, qw's ghost, amateur GrFi
D:10 Sonja


Message History

You completely miss the balrug. You headbutt the balrug!
The balrug is lightly wounded.
The balrug hits you but does no damage.
You slice the balrug!! Your headbutt misses the balrug.
The balrug is moderately wounded.
The balrug hits you with a +0 demon whip!
You are engulfed in flames!
You resist.
7419 ||| INVOKING Heroism.
You gain the combat prowess of a mighty hero.
The balrug hits you but does no damage.
You barely miss the balrug.
You headbutt the balrug, but do no damage.
The balrug is moderately wounded.
The balrug gestures at you. The bolt of fire misses you.
You barely miss the balrug. Your headbutt misses the balrug.
The balrug is moderately wounded.
The balrug hits you with a +0 demon whip!!
You are engulfed in flames.
You resist.
You hit the balrug but do no damage.
The balrug is moderately wounded.
The balrug hits you with a +0 demon whip!
You are engulfed in flames.
You resist.
You closely miss the balrug.
The balrug is moderately wounded.
The balrug hits you but does no damage.
You miss the balrug.
You headbutt the balrug, but do no damage.
The balrug is moderately wounded.
The balrug hits you but does no damage.
You slash the balrug! Your headbutt misses the balrug.
The balrug is heavily wounded.
You slash the balrug!
The balrug is severely wounded.
You block the balrug's attack.
You hit the balrug.
The balrug is severely wounded.
The balrug gestures at you. Something smites you!
You die...

## .# #.## ## ..
.# ## #...##.##...
#. #.. #.#........
. ..#. ##..2...#.
... ..#.@#. ..
.#...#...........#
#...#.#..####....#
#.....## ## .##.
#.##...... #
####.. # .. #.###
# . ##.# ###~~ .
#..##~~~~~~


You could see a balrug.

Vanquished Creatures
  Snorg (D:10)
  A two-headed ogre (D:9)
  A death yak (D:9)
  A large abomination (Abyss:2)
  A glowing orange brain (Abyss:2)
  A centaur zombie (Abyss:2)
  A manticore (D:9)
  4 molten gargoyles (D:10)
  Joseph (D:8)
  3 trolls
  2 polar bears (D:10)
  3 hornets
  A blink frog (Abyss:2)
  2 centaur simulacra (D:10)
  4 flying skulls (Abyss:2)
  A spriggan (D:7)
  A shadow (D:10)
  5 wyverns
  A wraith (D:9)
  An unseen horror simulacrum (D:10)
  3 steam dragons
  6 yaks
  2 water moccasins
  3 orc warriors
  4 ice beasts
  3 ogres
  3 centaurs
  A wolf (D:10)
  4 phantoms
  A kobold brigand (D:7)
  3 bullfrogs
  A gnoll sergeant (D:9)
  4 wights (D:6)
  15 killer bees
  2 howler monkeys
  2 lava snakes (D:10)
  3 jellies
  5 hounds
  5 orc priests
  2 gnoll boudas
  5 iguanas
  8 orc wizards
  14 gnolls
  6 adders
  3 shadow imps
  4 white imps (D:10)
  3 ufetubi
  A worm (D:2)
  3 dart slugs
  40 orcs
  6 ball pythons
  4 bats
  5 endoplasms
  5 giant cockroaches
  8 goblins
  7 hobgoblins
  11 jackals
  3 quokkas
  5 frilled lizards
  12 kobolds
  7 rats
268 creatures vanquished.

Vanquished Creatures (others)
  Erica (D:8)
1 creature vanquished.

Grand Total: 269 creatures vanquished

Notes
Turn   | Place    | Note
-------+----------+-------------------------------------------
     0 | D:1      | qw the Gargoyle Fighter began the quest for the Orb.
     0 | D:1      | Reached XP level 1. HP: 14/14 MP: 1/1
     0 | D:1      | 0 ||| qw: Version: 0.2-a-12-gaebbb33
     0 | D:1      | 0 ||| qw: Game counter: 1285
     0 | D:1      | 0 ||| qw: Always use a shield: true
     0 | D:1      | 0 ||| qw: God list: Okawaru
     0 | D:1      | 0 ||| qw: Allow faded altars: false
     0 | D:1      | 0 ||| qw: Do Orc after D:15 true
     0 | D:1      | 0 ||| qw: Do second Lair branch before Depths: true
     0 | D:1      | 0 ||| qw: Lair rune preference: random
     0 | D:1      | 0 ||| qw: Plans: Normal, Zot:1-4, God:TSO, Crypt, Tomb,
                  | Pan, Slime:5, Hells, Abyss, Orb
     0 | D:1      | 0 ||| PLANNING D:1-11
     8 | D:1      | 8 ||| Stepping ~*~*~tactically~*~*~ (stealth).
     9 | D:1      | 9 ||| Stepping ~*~*~tactically~*~*~ (stealth).
    13 | D:1      | Reached skill level 2 in Axes
    30 | D:1      | Reached XP level 2. HP: 19/19 MP: 2/2
    64 | D:1      | 64 ||| DROPPING +0 club.
   263 | D:1      | 263 ||| Stepping ~*~*~tactically~*~*~ (stealth).
   266 | D:1      | Reached skill level 3 in Axes
   312 | D:1      | Reached XP level 3. HP: 23/23 MP: 3/3
   664 | D:1      | 664 ||| UPGRADING to +0 plate armour.
   674 | D:1      | 674 ||| DROPPING +0 scale mail.
   675 | D:1      | 675 ||| UPGRADING to amulet of regeneration.
   680 | D:1      | 680 ||| READING scroll labelled URUMOY EGURR.
   681 | D:1      | 681 ||| READING scroll labelled NUDED IMOIMUV.
   682 | D:1      | 682 ||| READING scroll labelled UDU HECVUZONOAP.
   749 | D:2      | 749 ||| Stepping ~*~*~tactically~*~*~ (stealth).
   754 | D:2      | 754 ||| Stepping ~*~*~tactically~*~*~ (stealth).
   758 | D:2      | 758 ||| Stepping ~*~*~tactically~*~*~ (stealth).
   826 | D:2      | Reached XP level 4. HP: 28/28 MP: 4/4
   893 | D:2      | 893 ||| Stepping ~*~*~tactically~*~*~ (stealth).
   895 | D:2      | 895 ||| Stepping ~*~*~tactically~*~*~ (hiding).
  1055 | D:2      | 1055 ||| Stepping ~*~*~tactically~*~*~ (stealth).
  1124 | D:2      | Reached skill level 4 in Axes
  1267 | D:2      | 1267 ||| Stepping ~*~*~tactically~*~*~ (stealth).
  1277 | D:2      | Identified the +5 ring mail of the Apothecary {rF+++ Regen+
                  | Int-2 Dex-3}
  1580 | D:2      | 1580 ||| UPGRADING to +5 ring mail of the Apothecary {rF+++
                  | Regen+ Int-2 Dex-3}.
  1590 | D:2      | 1590 ||| DRINKING 2 fizzy golden potions.
  1591 | D:2      | 1591 ||| READING 2 scrolls of identify.
  1591 | D:2      | 1591 ||| IDENTIFYING metallic emerald potion
  1592 | D:2      | 1592 ||| DROPPING potion of degeneration.
  1593 | D:2      | 1593 ||| DROPPING potion of flight.
  1656 | D:3      | 1656 ||| Stepping ~*~*~tactically~*~*~ (stealth).
  1705 | D:3      | 1705 ||| Stepping ~*~*~tactically~*~*~ (stealth).
  1706 | D:3      | 1706 ||| Stepping ~*~*~tactically~*~*~ (stealth).
  1726 | D:3      | 1726 ||| Stepping ~*~*~tactically~*~*~ (stealth).
  1728 | D:3      | 1728 ||| Stepping ~*~*~tactically~*~*~ (stealth).
  1743 | D:3      | 1743 ||| DROPPING +1 mace of venom.
  1845 | D:3      | 1845 ||| Stepping ~*~*~tactically~*~*~ (stealth).
  1846 | D:3      | 1846 ||| Stepping ~*~*~tactically~*~*~ (stealth).
  1979 | D:3      | Found a shadowy altar of Dithmenos.
  2008 | D:3      | 2008 ||| SWAPPING to +1 war axe of draining.
  2009 | D:3      | 2009 ||| DROPPING +1 war axe.
  2068 | D:3      | Found a runed translucent gate.
  2068 | D:3      | Found a runed translucent gate.
  2068 | D:3      | Found a runed translucent gate.
  2073 | D:3      | Noticed qw's ghost (amateur GrFi)
  2073 | D:3      | Noticed qw's ghost (amateur GrFi)
  2073 | D:3      | Noticed qw's ghost (amateur GrFi)
  2131 | D:3      | Found a faded altar of an unknown god.
  2165 | D:3      | Reached XP level 5. HP: 32/32 MP: 5/5
  2174 | D:3      | 2174 ||| FLEEEEING.
  2186 | D:3      | 2186 ||| READING scroll of enchant weapon.
  2186 | D:3      | 2186 ||| ENCHANTING +1 war axe of draining.
  2311 | D:3      | 2311 ||| READING scroll labelled LOOCYN MOITONK.
  2312 | D:3      | 2312 ||| DRINKING 2 glowing green potions.
  2377 | D:4      | Found a runed translucent door.
  2401 | D:4      | Noticed a phantom
  2412 | D:4      | Killed a phantom
  2413 | D:4      | Reached skill level 5 in Axes
  2430 | D:4      | Reached XP level 6. HP: 37/37 MP: 6/6
  2456 | D:4      | Found an ornate altar of the Wu Jian Council.
  2464 | D:4      | 2464 ||| Stepping ~*~*~tactically~*~*~ (stealth).
  2543 | D:4      | 2543 ||| Stepping ~*~*~tactically~*~*~ (stealth).
  2552 | D:4      | Reached skill level 6 in Axes
  2552 | D:4      | Reached XP level 7. HP: 42/44 MP: 7/7
  2636 | D:4      | 2636 ||| Stepping ~*~*~tactically~*~*~ (hiding).
  2648 | D:4      | 2648 ||| Stepping ~*~*~tactically~*~*~ (stealth).
  2656 | D:4      | 2656 ||| FLEEEEING.
  2674 | D:4      | 2674 ||| Stepping ~*~*~tactically~*~*~ (stealth).
  2687 | D:4      | 2687 ||| READING scroll of enchant weapon.
  2687 | D:4      | 2687 ||| ENCHANTING +2 war axe of draining.
  2732 | D:4      | Noticed qw's ghost (amateur GrFi)
  2748 | D:4      | 2748 ||| Stepping ~*~*~tactically~*~*~ (stealth).
  2771 | D:4      | Reached skill level 7 in Axes
  3088 | D:4      | 3088 ||| READING scroll labelled VASHRIL MINA.
  3089 | D:4      | 3089 ||| DRINKING 2 fuming sapphire potions.
  3089 | D:4      | Gained mutation: You have a pair of small horns on your
                  | head. [potion of mutation]
  3089 | D:4      | Gained mutation: Your spells are a little easier to cast,
                  | but a little less powerful. [potion of mutation]
  3089 | D:4      | Gained mutation: You are strong-willed. (Will+) [potion of
                  | mutation]
  3090 | D:4      | 3090 ||| READING 3 scrolls of identify.
  3090 | D:4      | 3090 ||| IDENTIFYING ruby potion
  3091 | D:4      | 3091 ||| DROPPING potion of brilliance.
  3110 | D:5      | Entered Level 5 of the Dungeon
  3155 | D:5      | 3155 ||| Stepping ~*~*~tactically~*~*~ (stealth).
  3157 | D:5      | 3157 ||| Stepping ~*~*~tactically~*~*~ (stealth).
  3241 | D:5      | Found an iron altar of Okawaru.
  3242 | D:5      | 3242 ||| PLANNING OKAWARU WORSHIP
  3242 | D:5      | 3242 ||| READING 2 scrolls labelled ACZYQEUSUC.
  3245 | D:5      | 3245 ||| Stepping ~*~*~tactically~*~*~ (stealth).
  3246 | D:5      | 3246 ||| FLEEEEING.
  3247 | D:5      | 3247 ||| Stepping ~*~*~tactically~*~*~ (stealth).
  3250 | D:5      | 3250 ||| Stepping ~*~*~tactically~*~*~ (stealth).
  3260 | D:5      | Reached skill level 1 in Dodging
  3270 | D:5      | Became a worshipper of Warmaster Okawaru
  3271 | D:5      | 3271 ||| PLANNING D:1-11
  3278 | D:5      | Found a stormy altar of Qazlal.
  3374 | D:5      | 3374 ||| Stepping ~*~*~tactically~*~*~ (hiding).
  3393 | D:5      | Identified the +12 short sword "Cypy" {speed, Fly rC-
                  | Will+}
  3607 | D:5      | Found a staircase to the Ecumenical Temple.
  3621 | D:5      | Reached XP level 8. HP: 48/49 MP: 8/8
  3675 | D:5      | 3675 ||| Stepping ~*~*~tactically~*~*~ (stealth).
  3690 | D:5      | Reached skill level 8 in Axes
  3717 | D:5      | 3717 ||| READING scroll labelled IPSAUD FOCAUB.
  3760 | D:6      | Reached * piety under Okawaru
  3801 | D:6      | Identified the +7 hand axe of the Pit {flame, rPois Int+2}
  3801 | D:6      | Noticed a yak
  3802 | D:6      | 3802 ||| Stepping ~*~*~tactically~*~*~ (stealth).
  3803 | D:6      | 3803 ||| Stepping ~*~*~tactically~*~*~ (stealth).
  3807 | D:6      | 3807 ||| Stepping ~*~*~tactically~*~*~ (stealth).
  3808 | D:6      | 3808 ||| DROPPING +0 flail.
  3809 | D:6      | Noticed a yak
  3810 | D:6      | 3810 ||| Stepping ~*~*~tactically~*~*~ (stealth).
  3811 | D:6      | Noticed a yak
  3812 | D:6      | 3812 ||| Stepping ~*~*~tactically~*~*~ (stealth).
  3816 | D:6      | Noticed a yak
  3817 | D:6      | 3817 ||| Stepping ~*~*~tactically~*~*~ (stealth).
  3820 | D:6      | 3820 ||| Stepping ~*~*~tactically~*~*~ (stealth).
  3822 | D:6      | Noticed a yak
  3823 | D:6      | 3823 ||| Stepping ~*~*~tactically~*~*~ (stealth).
  3825 | D:6      | Killed a yak
  3826 | D:6      | Reached skill level 6 in Fighting
  3826 | D:6      | 3826 ||| INVOKING Heroism.
  3828 | D:6      | Killed a yak
  3829 | D:6      | Reached skill level 3 in Invocations
  3830 | D:6      | 3830 ||| Stepping ~*~*~tactically~*~*~ (stealth).
  3833 | D:6      | Killed a yak
  3835 | D:6      | Killed a yak
  3835 | D:6      | Reached ** piety under Okawaru
  3836 | D:6      | Reached XP level 9. HP: 40/55 MP: 7/12
  3982 | D:6      | 3982 ||| INVOKING Heroism.
  3985 | D:6      | Reached skill level 9 in Axes
  4177 | D:6      | 4177 ||| INVOKING Heroism.
  4222 | D:6      | 4222 ||| Stepping ~*~*~tactically~*~*~ (hiding).
  4223 | D:6      | 4223 ||| Stepping ~*~*~tactically~*~*~ (stealth).
  4242 | D:6      | 4242 ||| INVOKING Heroism.
  4243 | D:6      | 4243 ||| Stepping ~*~*~tactically~*~*~ (hiding).
  4246 | D:6      | 4246 ||| Stepping ~*~*~tactically~*~*~ (hiding).
  4437 | D:6      | Found a shimmering blue altar of Sif Muna.
  4437 | D:6      | Found an ancient bone altar of Kikubaaqudgha.
  4439 | D:6      | Found a radiant altar of Vehumet.
  4646 | D:6      | 4646 ||| UPGRADING to +0 pair of gloves.
  4651 | D:6      | 4651 ||| READING scroll of enchant armour.
  4651 | D:6      | 4651 ||| ENCHANTING +0 pair of gloves.
  4652 | D:6      | 4652 ||| UPGRADING to amulet of reflection.
  4662 | D:6      | 4662 ||| DROPPING amulet of regeneration.
  4663 | D:6      | 4663 ||| READING 3 scrolls of identify.
  4663 | D:6      | 4663 ||| IDENTIFYING golden potion
  4685 | D:7      | Noticed a hornet
  4689 | D:7      | 4689 ||| Stepping ~*~*~tactically~*~*~ (stealth).
  4772 | D:7      | 4772 ||| INVOKING Heroism.
  4784 | D:7      | 4784 ||| Stepping ~*~*~tactically~*~*~ (stealth).
  4791 | D:7      | 4791 ||| Stepping ~*~*~tactically~*~*~ (stealth).
  4803 | D:7      | 4803 ||| Stepping ~*~*~tactically~*~*~ (hiding).
  4804 | D:7      | 4804 ||| Stepping ~*~*~tactically~*~*~ (hiding).
  4805 | D:7      | 4805 ||| Stepping ~*~*~tactically~*~*~ (hiding).
  4807 | D:7      | 4807 ||| Stepping ~*~*~tactically~*~*~ (hiding).
  4808 | D:7      | 4808 ||| Stepping ~*~*~tactically~*~*~ (hiding).
  4810 | D:7      | 4810 ||| Stepping ~*~*~tactically~*~*~ (stealth).
  4814 | D:7      | 4814 ||| INVOKING Heroism.
  4816 | D:7      | 4816 ||| Stepping ~*~*~tactically~*~*~ (stealth).
  4932 | D:7      | 4932 ||| Stepping ~*~*~tactically~*~*~ (hiding).
  4933 | D:7      | 4933 ||| Stepping ~*~*~tactically~*~*~ (hiding).
  4937 | D:7      | 4937 ||| INVOKING Heroism.
  4939 | D:7      | 4939 ||| Stepping ~*~*~tactically~*~*~ (hiding).
  4944 | D:7      | 4944 ||| Stepping ~*~*~tactically~*~*~ (stealth).
  4951 | D:7      | 4951 ||| INVOKING Heroism.
  4960 | D:7      | Reached skill level 10 in Axes
  4993 | D:7      | 4993 ||| INVOKING Heroism.
  5000 | D:7      | Reached XP level 10. HP: 64/64 MP: 10/13
  5073 | D:7      | Identified the +2 ring mail of Weirdness {rPois rN++ Int+3}
  5124 | D:7      | 5124 ||| Stepping ~*~*~tactically~*~*~ (hiding).
  5126 | D:7      | Found a hazy altar of Hepliaklqana.
  5153 | D:7      | 5153 ||| INVOKING Heroism.
  5157 | D:7      | Reached *** piety under Okawaru
  5176 | D:7      | Found a faded altar of an unknown god.
  5178 | D:7      | 5178 ||| UPGRADING to +0 cloak.
  5183 | D:7      | 5183 ||| READING 3 scrolls labelled RACUUXIUWK.
  5184 | D:7      | 5184 ||| READING scroll labelled IMOESE XATON.
  5185 | D:7      | 5185 ||| READING 3 scrolls of identify.
  5185 | D:7      | 5185 ||| IDENTIFYING glowing ruby potion
  5186 | D:7      | 5186 ||| READING 2 scrolls of identify.
  5186 | D:7      | 5186 ||| IDENTIFYING puce potion
  5187 | D:7      | 5187 ||| DROPPING 2 scrolls of amnesia.
  5260 | D:7      | 5260 ||| STAIRDANCE
  5280 | D:7      | 5280 ||| INVOKING Heroism.
  5304 | D:7      | 5304 ||| READING scroll of enchant armour.
  5304 | D:7      | 5304 ||| ENCHANTING +1 pair of gloves.
  5307 | D:7      | 5307 ||| READING scroll labelled DEOTENN QIEQUI.
  5372 | D:8      | 5372 ||| STAIRDANCE
  5383 | D:8      | 5383 ||| INVOKING Heroism.
  5384 | D:8      | 5384 ||| STAIRDANCE
  5452 | D:8      | 5452 ||| Stepping ~*~*~tactically~*~*~ (stealth).
  5454 | D:8      | 5454 ||| INVOKING Heroism.
  5455 | D:8      | 5455 ||| Stepping ~*~*~tactically~*~*~ (stealth).
  5501 | D:8      | 5501 ||| Stepping ~*~*~tactically~*~*~ (stealth).
  5529 | D:8      | Noticed Erica
  5530 | D:8      | 5530 ||| INVOKING Heroism.
  5533 | D:8      | Killed Erica
  5534 | D:8      | Reached skill level 11 in Axes
  5557 | D:8      | 5557 ||| Stepping ~*~*~tactically~*~*~ (stealth).
  5558 | D:8      | 5558 ||| Stepping ~*~*~tactically~*~*~ (stealth).
  5568 | D:8      | Noticed Joseph
  5569 | D:8      | 5569 ||| Stepping ~*~*~tactically~*~*~ (hiding).
  5577 | D:8      | 5577 ||| INVOKING Heroism.
  5579 | D:8      | Killed Joseph
  5582 | D:8      | Reached skill level 9 in Fighting
  5729 | D:8      | Reached **** piety under Okawaru
  5863 | D:8      | 5863 ||| DROPPING amulet of the acrobat.
  5864 | D:8      | 5864 ||| UPGRADING to +6 ring of strength.
  5865 | D:8      | 5865 ||| UPGRADING to ring of ice.
  5866 | D:8      | 5866 ||| READING scroll labelled HUANEO LESSELE.
  5867 | D:8      | 5867 ||| READING 2 scrolls of identify.
  5867 | D:8      | 5867 ||| IDENTIFYING white potion
  5868 | D:8      | 5868 ||| DROPPING potion of berserk rage.
  5925 | D:9      | 5925 ||| Stepping ~*~*~tactically~*~*~ (hiding).
  5928 | D:9      | 5928 ||| INVOKING Heroism.
  5951 | D:9      | Found Elysust's General Store.
  5956 | D:9      | 5956 ||| BUYING potion of might (56 gold).
  5956 | D:9      | Bought a potion of might for 56 gold pieces
  5956 | D:9      | 5956 ||| BUYING scroll of enchant armour (105 gold).
  5956 | D:9      | Bought a scroll of enchant armour for 105 gold pieces
  5956 | D:9      | 5956 ||| BUYING scroll of enchant weapon (105 gold).
  5956 | D:9      | Bought a scroll of enchant weapon for 105 gold pieces
  5956 | D:9      | 5956 ||| READING scroll of enchant armour.
  5956 | D:9      | 5956 ||| ENCHANTING +0 cloak.
  5957 | D:9      | 5957 ||| READING scroll of enchant weapon.
  5957 | D:9      | 5957 ||| ENCHANTING +3 war axe of draining.
  5992 | D:9      | Noticed a two-headed ogre
  5993 | D:9      | 5993 ||| INVOKING Heroism.
  6003 | D:9      | Killed a two-headed ogre
  6004 | D:9      | Reached skill level 6 in Invocations
  6004 | D:9      | Reached XP level 11. HP: 60/71 MP: 13/15
  6070 | D:9      | 6070 ||| INVOKING Heroism.
  6105 | D:9      | Found a burning altar of Makhleb.
  6105 | D:9      | Noticed a green death
  6118 | D:9      | Noticed a manticore
  6119 | D:9      | 6119 ||| Stepping ~*~*~tactically~*~*~ (hiding).
  6124 | D:9      | 6124 ||| INVOKING Heroism.
  6132 | D:9      | Killed a manticore
  6136 | D:9      | Reached ***** piety under Okawaru
  6137 | D:9      | Reached skill level 12 in Axes
  6273 | D:9      | 6273 ||| Stepping ~*~*~tactically~*~*~ (stealth).
  6274 | D:9      | 6274 ||| Stepping ~*~*~tactically~*~*~ (stealth).
  6276 | D:9      | 6276 ||| Stepping ~*~*~tactically~*~*~ (stealth).
  6278 | D:9      | 6278 ||| INVOKING Heroism.
  6280 | D:9      | 6280 ||| Stepping ~*~*~tactically~*~*~ (hiding).
  6543 | D:9      | 6543 ||| READING scroll labelled MYTSUTEORE.
  6549 | D:10     | Entered Level 10 of the Dungeon
  6549 | D:10     | Noticed a death yak
  6550 | D:10     | 6550 ||| STAIRDANCE
  6552 | D:9      | 6552 ||| INVOKING Heroism.
  6561 | D:9      | Killed a death yak
  6589 | D:10     | 6589 ||| STAIRDANCE
  6698 | D:10     | 6698 ||| STAIRDANCE
  6700 | D:9      | 6700 ||| INVOKING Heroism.
  6717 | D:10     | Reached skill level 6 in Shields
  6725 | D:10     | 6725 ||| Stepping ~*~*~tactically~*~*~ (stealth).
  6737 | D:10     | 6737 ||| Stepping ~*~*~tactically~*~*~ (stealth).
  6740 | D:10     | 6740 ||| Stepping ~*~*~tactically~*~*~ (stealth).
  6742 | D:10     | 6742 ||| Stepping ~*~*~tactically~*~*~ (stealth).
  6743 | D:10     | 6743 ||| INVOKING Heroism.
  6761 | D:10     | 6761 ||| INVOKING Heroism.
  6801 | D:10     | 6801 ||| Stepping ~*~*~tactically~*~*~ (stealth).
  6802 | D:10     | 6802 ||| INVOKING Heroism.
  6803 | D:10     | 6803 ||| Stepping ~*~*~tactically~*~*~ (hiding).
  6833 | D:10     | Noticed Snorg
  6834 | D:10     | 6834 ||| INVOKING Finesse.
  6834 | D:10     | HP: 14/71 [molten gargoyle/bolt of magma (7)]
  6837 | D:10     | HP: 5/71 [molten gargoyle/bolt of magma (3)]
  6842 | D:10     | Reached skill level 9 in Invocations
  6843 | D:10     | 6843 ||| INVOKING Heroism.
  6851 | D:10     | Killed Snorg
  6856 | D:10     | 6856 ||| Stepping ~*~*~tactically~*~*~ (hiding).
  6977 | D:10     | Noticed a two-headed ogre
  6978 | D:10     | 6978 ||| Stepping ~*~*~tactically~*~*~ (stealth).
  7020 | D:10     | 7020 ||| INVOKING Heroism.
  7021 | D:10     | Received a gift from Okawaru
  7087 | D:10     | Reached XP level 12. HP: 77/77 MP: 19/19
  7185 | D:10     | Noticed Sonja
  7186 | D:10     | 7186 ||| INVOKING Finesse.
  7196 | D:10     | 7196 ||| INVOKING Heroism.
  7196 | Abyss:2  | Cast into level 2 of the Abyss (Sonja)
  7222 | Abyss:2  | Noticed a large abomination
  7224 | Abyss:2  | 7224 ||| Stepping ~*~*~tactically~*~*~ (stealth).
  7245 | Abyss:2  | 7245 ||| Stepping ~*~*~tactically~*~*~ (stealth).
  7253 | Abyss:2  | 7253 ||| Stepping ~*~*~tactically~*~*~ (hiding).
  7260 | Abyss:2  | Noticed a large abomination
  7270 | Abyss:2  | 7270 ||| INVOKING Heroism.
  7276 | Abyss:2  | Killed a large abomination
  7319 | Abyss:2  | 7319 ||| INVOKING Heroism.
  7379 | Abyss:2  | 7379 ||| INVOKING Heroism.
  7411 | Abyss:2  | Noticed a balrug
  7412 | Abyss:2  | 7412 ||| Stepping ~*~*~tactically~*~*~ (stealth).
  7413 | Abyss:2  | 7413 ||| Stepping ~*~*~tactically~*~*~ (stealth).
  7419 | Abyss:2  | 7419 ||| INVOKING Heroism.
  7422 | Abyss:2  | HP: 15/77 [balrug/+0 demon whip (15)]
  7427 | Abyss:2  | Killed from afar by a balrug

Levels and vault maps discovered:
D:1:      scummos_arrival_star, layout_rooms
D:2:      layout_basic
D:3:      layout_loops_ring, mainiacjoe_overflow_six_doors_small,
          ebering_ecumenical_altar_webs, gammafunk_ghost_cemetery,
          corexii_item_surrounded_by_moat, amethyst_killhole
D:4:      layout_cave_pools, mainiacjoe_overflow_alcove_4,
          hellmonk_ghost_happy_afterlife, st_stairs_4, minmay_fractal_squares_5
D:5:      layout_loops_ring, okawaru_gym_becter, grunt_qazlal_sundering,
          temple_green
D:6:      layout_basic, grunt_temple_overflow_magic_moments,
          minmay_misc_feat_tower
D:7:      layout_rooms, beargit_hepliaklqana_dungeon_heroes,
          corexii_checkpoint_b, nicolae_fountain_basement
D:8:      layout_basic, uniq_erica, uniq_joseph
D:9:      layout_basic, makhleb_altar_promises_db, serial_shops,
          nicolae_shop_crystal, chequers_serial_rivers_micro_e,
          eino_tiny_chamber
D:10:     layout_roguey, lair_entry_dummy, serial_ice, serial_ice_g,
          serial_ice_f, serial_ice_o, serial_ice_b, serial_ice_d, serial_ice_n,
          grunt_ministairs_15, minivault_8, uniq_sonja, uniq_snorg
Abyss:2:  base: D:2, gammafunk_abyss_exit_x_factor

Skill      XL: |  1  2  3  4  5  6  7  8  9 10 11 12 |
---------------+-------------------------------------+-----
Axes           | 2 3 4 5 6 7 8 10 11 12 | 12.8
Fighting       | 4 5 6 7 9 10 | 10.0
Dodging        | 1 2 |  2.0
Invocations    | 4 5 6 9 10 | 10.1
Shields        | 4 5 6 |  6.0
Armour         | 4 |  4.4

Action                   |  1- 3 |  4- 6 |  7- 9 | 10-12 || total
-------------------------+-------+-------+-------+-------++-------
Melee: War axe           |   104 |   125 |   232 |   313 ||   774
       Headbutt          |       |       |    20 |    46 ||    66
Invok: Heroism           |       |       |     9 |    23 ||    32
       Finesse           |       |       |       |     2 ||     2
  Use: Scroll            |     3 |     3 |     7 |    11 ||    24
       Potion            |       |     2 |     1 |       ||     3
Armor: Scale mail        |    59 |       |       |       ||    59
       Plate armour      |    13 |    28 |       |       ||    41
       Ring mail         |       |    45 |   105 |   180 ||   330
Dodge: Dodged            |    47 |    41 |    94 |   108 ||   290
Block: Buckler           |    18 |    23 |    52 |   166 ||   259
       Reflection        |       |       |       |     5 ||     5

Table legend:
 A = Non-vault XP
 B = Vault XP
 C = Vault XP percentage of total XP
 D = Non-vault monster count
 E = Vault monster count
 F = Vault count percentage of total count
                 A         B        C        D         E       F
            +---------+---------+-------+---------+---------+-------
      Total |   13906 |    7961 |  36.4 |     234 |      35 |  13.0
            +---------+---------+-------+---------+---------+-------
        D:1 |      48 |       0 |   0.0 |      29 |       0 |   0.0
        D:2 |      75 |       0 |   0.0 |      20 |       0 |   0.0
        D:3 |      84 |       0 |   0.0 |      18 |       0 |   0.0
        D:4 |     532 |     164 |  23.6 |      25 |       7 |  21.9
        D:5 |     566 |       0 |   0.0 |      27 |       0 |   0.0
        D:6 |    2009 |     366 |  15.4 |      20 |       3 |  13.0
        D:7 |    1313 |     439 |  25.1 |      31 |       2 |   6.1
        D:8 |    1556 |    1251 |  44.6 |      18 |       2 |  10.0
        D:9 |    3617 |     815 |  18.4 |      28 |       1 |   3.4
       D:10 |     894 |    4926 |  84.6 |      10 |      20 |  66.7
    Abyss:2 |    3212 |       0 |   0.0 |       8 |       0 |   0.0
            +---------+---------+-------+---------+---------+-------
